BSA
ORLANDO CALRISSIAN @ GREENVILLE 84S
07/24/2027
 
TOP OF THE 1ST
Orlando Calrissian batting - Pitching for Greenville 84s : RHP Andrés Vázquez
Pitching: RHP Andrés Vázquez
Batting: RHB José Pérez 0-0: Ball
1-0: Fly out, F8 (Flyball, 8LD)
Batting: RHB Pepe González 0-0: Ball
1-0: SINGLE (Flyball, 7LM)
Batting: LHB Santiago Márquez 0-0: Ball
1-0: Called Strike
1-1: Called Strike
1-2: Foul Ball, location: 2F
1-2: Strikes out swinging
Batting: RHB Rich Anderson 0-0: Ball
1-0: Foul Ball, location: 2F
1-1: Ball
2-1: Ball
3-1: Called Strike
3-2: SINGLE (Groundball, 4MD)
Pepe González to second
Pepe González to third
Batting: RHB Frederico Hernández 0-0: DOUBLE (Line Drive, 7LD)
Pepe González scores
Rich Anderson to third
Runner from 3rd tries for Home, SAFE, no throw
Batting: SHB Brian Price 0-0: Called Strike
0-1: Called Strike
0-2: SINGLE (Groundball, 34D)
Frederico Hernández to third
Runner from 3rd tries for Home, SAFE, throw made home
Brian Price to second
Batting: LHB Danny Allen 0-0: Foul Ball, location: 2F
0-1: Ball
1-1: Called Strike
1-2: Strikes out swinging
Top of the 1st over - 3 run(s), 4 hit(s), 0 error(s), 1 left on base; Orlando 3 - Greenville 0
BOTTOM OF THE 1ST
Greenville 84s batting - Pitching for Orlando Calrissian : LHP Mike Murray
Pitching: LHP Mike Murray
Batting: RHB Carlos Torres 0-0: Ground out 4-3 (Groundball, 34)
Batting: RHB Owen Carter 0-0: Called Strike
0-1: Ball
1-1: Ball
2-1: Called Strike
2-2: Strikes out swinging
Batting: LHB Brock Larsen 0-0: Called Strike
0-1: Foul Ball, location: 2F
0-2: Foul Ball, location: 2F
0-2: Strikes out looking
Bottom of the 1st over - 0 run(s), 0 hit(s), 0 error(s), 0 left on base; Orlando 3 - Greenville 0
TOP OF THE 2ND
Orlando Calrissian batting - Pitching for Greenville 84s : RHP Andrés Vázquez
Batting: RHB John Moore 0-0: Swinging Strike
0-1: Ball
1-1: Foul Ball, location: 2F
1-2: Ball
2-2: Foul Ball, location: 2F
2-2: Ball
3-2: Strikes out swinging
Batting: RHB Enrique Bermúdez 0-0: Called Strike
0-1: Ball
1-1: Swinging Strike
1-2: Ground out 1-3 (Groundball, 13S)
Batting: RHB José Pérez 0-0: Ground out 4-3 (Groundball, 4)
Top of the 2nd over - 0 run(s), 0 hit(s), 0 error(s), 0 left on base; Orlando 3 - Greenville 0
BOTTOM OF THE 2ND
Greenville 84s batting - Pitching for Orlando Calrissian : LHP Mike Murray
Batting: RHB Enzo Díaz 0-0: Ball
1-0: Foul Ball, location: 2F
1-1: Foul Ball, location: 2F
1-2: Ball
2-2: SINGLE (Groundball, 6MD)
Batting: LHB Paco Rosas 0-0: Ball
1-0: Ball
Pickoff Throw by Catcher to First - Out!
2-0: Ball
3-0: Called Strike
3-1: Foul Ball, location: 2F
3-2: Foul Ball, location: 2F
3-2: DOUBLE (Line Drive, 9LM)
Batting: RHB Robert Buckley 0-0: Foul Ball, location: 2F
0-1: Fly out, F9 (Flyball, 9S)
Batting: LHB Jimmy Vickers 0-0: Ball
1-0: Ball
2-0: Called Strike
2-1: Ball
3-1: Base on Balls
Batting: RHB Vic Langlois 0-0: Swinging Strike
0-1: Swinging Strike
0-2: Foul Ball, location: 2F
0-2: Foul Ball, location: 2F
0-2: Ball
1-2: Ball
2-2: Ball
3-2: SINGLE (Line Drive, 6D)
Paco Rosas to third
Jimmy Vickers to second
Paco Rosas scores
Jimmy Vickers to third
Batting: SHB Gilberto Guzmán 0-0: Called Strike
0-1: Fly out, F6 (Popup, 6D)
Bottom of the 2nd over - 1 run(s), 3 hit(s), 0 error(s), 2 left on base; Orlando 3 - Greenville 1
TOP OF THE 3RD
Orlando Calrissian batting - Pitching for Greenville 84s : RHP Andrés Vázquez
Batting: RHB Pepe González 0-0: Foul Ball, location: 2F
0-1: Hit by Pitch
Batting: LHB Santiago Márquez 0-0: Foul Ball, location: 2F
0-1: Ball
1-1: Fly out, F7 (Flyball, 7S)
Batting: RHB Rich Anderson 0-0: Ball
1-0: Ball
2-0: Called Strike
2-1: Swinging Strike
2-2: SINGLE (Flyball, 7S)
Pepe González to second
Batting: RHB Frederico Hernández 0-0: Ball
1-0: Ball
2-0: Ball
3-0: Called Strike
3-1: Foul Ball, location: 2F
3-2: Foul Ball, location: 2F
3-2: Fly out, F7 (Flyball, 7D)
Runner from 2nd tags up, SAFE at 3rd, no throw
Batting: SHB Brian Price 0-0: Called Strike
0-1: Ball
1-1: Fly out, F3 (Line Drive, 3S)
Top of the 3rd over - 0 run(s), 1 hit(s), 0 error(s), 2 left on base; Orlando 3 - Greenville 1
BOTTOM OF THE 3RD
Greenville 84s batting - Pitching for Orlando Calrissian : LHP Mike Murray
Batting: RHB Carlos Torres 0-0: Ball
1-0: Ball
2-0: Foul Ball, location: 2F
2-1: Foul Ball, location: 2F
2-2: Hit by Pitch
Batting: RHB Owen Carter 0-0: Called Strike
0-1: Grounds into double play, 5-4-3 (Groundball, 56)
Batting: LHB Brock Larsen 0-0: Ball
1-0: Foul Ball, location: 2F
1-1: Fly out, F7 (Flyball, 7S)
Bottom of the 3rd over - 0 run(s), 0 hit(s), 0 error(s), 0 left on base; Orlando 3 - Greenville 1
TOP OF THE 4TH
Orlando Calrissian batting - Pitching for Greenville 84s : RHP Andrés Vázquez
Batting: LHB Danny Allen 0-0: Ball
1-0: Foul Ball, location: 2F
1-1: Called Strike
1-2: Ball
2-2: Foul Ball, location: 2F
2-2: Ground out U3 (Groundball, 3)
Batting: RHB John Moore 0-0: Ball
1-0: Ground out 6-3 (Groundball, 6)
Batting: RHB Enrique Bermúdez 0-0: Ground out 5-3 (Groundball, 5L)
Top of the 4th over - 0 run(s), 0 hit(s), 0 error(s), 0 left on base; Orlando 3 - Greenville 1
BOTTOM OF THE 4TH
Greenville 84s batting - Pitching for Orlando Calrissian : LHP Mike Murray
Batting: RHB Enzo Díaz 0-0: Fly out, F4 (Line Drive, 4)
Batting: LHB Paco Rosas 0-0: Foul Ball, location: 2F
0-1: Fly out, F8 (Flyball, 89D)
Batting: RHB Robert Buckley 0-0: Foul Ball, location: 2F
0-1: Foul Ball, location: 2F
0-2: Ball
1-2: Ball
2-2: Fly out, F5 (Line Drive, 5)
Bottom of the 4th over - 0 run(s), 0 hit(s), 0 error(s), 0 left on base; Orlando 3 - Greenville 1
TOP OF THE 5TH
Orlando Calrissian batting - Pitching for Greenville 84s : RHP Andrés Vázquez
Batting: RHB José Pérez 0-0: Called Strike
0-1: Ball
1-1: Foul Ball, location: 2F
1-2: Foul Ball, location: 2F
1-2: Ground out 3-1 (Groundball, 34)
Batting: RHB Pepe González 0-0: Ball
1-0: Ground out U3 (Groundball, 34S)
Batting: LHB Santiago Márquez 0-0: Foul Ball, location: 2F
0-1: Swinging Strike
0-2: Ball
1-2: Ball
2-2: Ball
3-2: Base on Balls
Batting: RHB Rich Anderson 0-0: Ball
1-0: Swinging Strike
1-1: SINGLE (Groundball, 56D)
Santiago Márquez to second
Batting: RHB Frederico Hernández 0-0: Ball
1-0: Ball
2-0: Foul Ball, location: 2F
2-1: Swinging Strike
2-2: Foul Ball, location: 2F
2-2: Foul Ball, location: 2F
2-2: Foul Ball, location: 2F
2-2: Ground out 6-3 (Groundball, 6MD)
Top of the 5th over - 0 run(s), 1 hit(s), 0 error(s), 2 left on base; Orlando 3 - Greenville 1
BOTTOM OF THE 5TH
Greenville 84s batting - Pitching for Orlando Calrissian : LHP Mike Murray
Batting: LHB Jimmy Vickers 0-0: Called Strike
0-1: Called Strike
0-2: Strikes out swinging
Batting: RHB Vic Langlois 0-0: Ball
1-0: Called Strike
1-1: Foul Ball, location: 2F
1-2: SINGLE (Line Drive, 8RS)
Batting: SHB Gilberto Guzmán 0-0: Foul Ball, location: 2F
0-1: Called Strike
0-2: Strikes out looking
Batting: RHB Carlos Torres 0-0: Ball
1-0: Foul Ball, location: 2F
1-1: Swinging Strike
1-2: Ball
2-2: Foul Ball, location: 2F
2-2: DOUBLE (Flyball, 89XD)
Vic Langlois to third
Vic Langlois scores
Batting: RHB Owen Carter 0-0: 2-RUN HOME RUN (Flyball, 7D), Distance : 350 ft
Batting: LHB Brock Larsen 0-0: Ball
1-0: Ball
2-0: Foul Ball, location: 2F
2-1: Ball
3-1: Foul Ball, location: 2F
3-2: Fly out, F8 (Flyball, 8RD)
Bottom of the 5th over - 3 run(s), 3 hit(s), 0 error(s), 0 left on base; Orlando 3 - Greenville 4
TOP OF THE 6TH
Orlando Calrissian batting - Pitching for Greenville 84s : RHP Andrés Vázquez
Pitching: RHP Tomás González
Batting: SHB Brian Price 0-0: Ball
1-0: Ground out 3-1 (Groundball, 23)
Batting: LHB Danny Allen 0-0: Ball
1-0: Ground out 3-1 (Groundball, 34)
Batting: RHB John Moore 0-0: Called Strike
0-1: Foul Ball, location: 2F
0-2: Foul Ball, location: 2F
0-2: Strikes out swinging
Top of the 6th over - 0 run(s), 0 hit(s), 0 error(s), 0 left on base; Orlando 3 - Greenville 4
BOTTOM OF THE 6TH
Greenville 84s batting - Pitching for Orlando Calrissian : LHP Mike Murray
Batting: RHB Enzo Díaz 0-0: DOUBLE (Line Drive, 7LD)
Pitching: RHP Gerardo García
Batting: LHB Paco Rosas 0-0: Called Strike
0-1: Ball
1-1: Swinging Strike
1-2: Ball
2-2: Ball
3-2: Ground out U3 (Groundball, 3L)
Enzo Díaz to third
Batting: RHB Robert Buckley 0-0: Called Strike
0-1: Ball
1-1: Ball
2-1: Foul Ball, location: 2F
2-2: Ball
3-2: Foul Ball, location: 2F
3-2: Fly out, F8 (Flyball, 8RM)
Runner from 3rd tags up, OUT at HOME
Bottom of the 6th over - 0 run(s), 1 hit(s), 0 error(s), 0 left on base; Orlando 3 - Greenville 4
TOP OF THE 7TH
Orlando Calrissian batting - Pitching for Greenville 84s : RHP Tomás González
Batting: RHB Enrique Bermúdez 0-0: SINGLE (Groundball, 34D)
Batting: RHB José Pérez 0-0: Ball
1-0: Bunted foul
1-1: Ball
2-1: Bunted foul
2-2: Ball
3-2: Ground out 6-3 (Groundball, 6S)
Enrique Bermúdez to second
Pinch Hitting: SHB Cristo Ontiveros 0-0: Swinging Strike
0-1: Ball
1-1: Foul Ball, location: 2F
1-2: Ground out 6-3 (Groundball, 6)
Pitching: LHP Manuel Herrera
Batting: LHB Santiago Márquez 0-0: Ball
1-0: Ball
2-0: Ball
3-0: Called Strike
3-1: Base on Balls
Pitching: RHP Kenshin Kubota
Batting: RHB Rich Anderson 0-0: Fielders Choice at 2nd, 5-4 (Groundball, 5L)
Top of the 7th over - 0 run(s), 1 hit(s), 0 error(s), 1 left on base; Orlando 3 - Greenville 4
BOTTOM OF THE 7TH
Greenville 84s batting - Pitching for Orlando Calrissian : RHP Gerardo García
Now at SS: Jaime Montés
Batting: LHB Jimmy Vickers 0-0: Called Strike
0-1: Ball
1-1: Ball
2-1: Swinging Strike
2-2: Ball
3-2: Strikes out swinging
Batting: RHB Vic Langlois 0-0: Swinging Strike
0-1: Foul Ball, location: 2F
0-2: Ball
1-2: SINGLE (Line Drive, 56D)
Batting: SHB Gilberto Guzmán 0-0: Ball
1-0: Fielders Choice at 2nd, 4-6 (Groundball, 34)
Batting: RHB Carlos Torres 0-0: Called Strike
0-1: Ball
1-1: Ball
2-1: Foul Ball, location: 2F
2-2: SINGLE (Groundball, 6MD)
Gilberto Guzmán to second
Batting: RHB Owen Carter 0-0: Foul Ball, location: 2F
0-1: Swinging Strike
0-2: Ball
1-2: Strikes out swinging
Bottom of the 7th over - 0 run(s), 2 hit(s), 0 error(s), 2 left on base; Orlando 3 - Greenville 4
TOP OF THE 8TH
Orlando Calrissian batting - Pitching for Greenville 84s : RHP Kenshin Kubota
Batting: RHB Frederico Hernández 0-0: Called Strike
0-1: Ball
1-1: Foul Ball, location: 2F
1-2: Foul Ball, location: 2F
1-2: Ball
2-2: Strikes out swinging
Pitching: RHP Fernand Picard
Batting: SHB Brian Price 0-0: Ground out 4-3 (Groundball, 34)
Batting: LHB Danny Allen 0-0: Ball
1-0: Foul Ball, location: 2F
1-1: Ball
2-1: Fly out, F3 (Line Drive, 3D)
Top of the 8th over - 0 run(s), 0 hit(s), 0 error(s), 0 left on base; Orlando 3 - Greenville 4
BOTTOM OF THE 8TH
Greenville 84s batting - Pitching for Orlando Calrissian : RHP Gerardo García
Batting: LHB Brock Larsen 0-0: Ball
1-0: Ball
2-0: Fly out, F8 (Line Drive, 8LD)
Batting: RHB Enzo Díaz 0-0: Fly out, F5 (Popup, 5D)
Batting: LHB Paco Rosas 0-0: Ground out U3 (Groundball, 34)
Bottom of the 8th over - 0 run(s), 0 hit(s), 0 error(s), 0 left on base; Orlando 3 - Greenville 4
TOP OF THE 9TH
Orlando Calrissian batting - Pitching for Greenville 84s : RHP Fernand Picard
Pitching: LHP Francisco Ríos
Now at 1B: George Wood
Batting: RHB John Moore 0-0: Ball
1-0: Called Strike
1-1: Swinging Strike
1-2: Strikes out swinging
Pinch Hitting: RHB Raúl Canó 0-0: Called Strike
0-1: Called Strike
0-2: Foul Ball, location: 2F
0-2: Ball
1-2: Fly out, F3 (Flyball, 34D)
Batting: RHB José Pérez 0-0: Called Strike
0-1: Swinging Strike
0-2: Hit by Pitch
Batting: SHB Jaime Montés 0-0: Called Strike
0-1: Swinging Strike
0-2: Ball
1-2: Ball
2-2: Foul Ball, location: 2F
2-2: Ball
Pickoff Throw to First - Out!
Top of the 9th over - 0 run(s), 0 hit(s), 0 error(s), 0 left on base; Orlando 3 - Greenville 4
Thursday, March 30th, 2017 - OOTP Baseball 17.12 Build 75